 Dungeon Crawl Stone Soup version 0.30-a0-58-gc0703345a7 (webtiles) character file.

Game seed: 8124778206475691903

63 lesbiats the Cudgeller (level 3, 0/37 HPs)
             Began as a Troll Fighter on Sept 12, 2022.
             Slain by Terence
             ... wielding a +0 mace
              (9 damage)
             ... on level 2 of the Dungeon.
             The game lasted 00:04:16 (2251 turns).

lesbiats the Cudgeller (Troll Fighter)              Turns: 2251, Time: 00:04:17

Health: 0/37       AC:  4    Str: 26    XL:     3   Next: 89%
Magic:  2/2        EV:  8    Int:  4    God:
Gold:   60         SH:  7    Dex:  9    Spells: 2/2 levels left

rFire   . . .      SeeInvis .    q - +1 whip (vamp)
rCold   . . .      Faith    .    c - +0 kite shield
rNeg    . . .      Spirit   .    b - +0 robe
rPois   .          Reflect  .    (helmet restricted)
rElec   .          Harm     .    (no cloak)
rCorr   .          Rampage  .    (gloves unavailable)
Will    .....                    (boots unavailable)
Stlth   +.........               (no amulet)
HPRegen 0.92/turn                (no ring)
MPRegen 0.08/turn                (no ring)

@: attractive
A: large, unfitting armour, claws 3, regeneration 1, shaggy fur 1, tough skin 1
a: no special abilities


You were on level 2 of the Dungeon.
You visited 1 branch of the dungeon, and saw 2 of its levels.

You collected 60 gold pieces.

Inventory:

Hand Weapons
 a - a +0 flail
 q - a +1 vampiric whip (weapon)
Missiles
 j - 30 stones (quivered)
Armour
 b - a +0 robe (worn)
 c - a +0 kite shield (worn)
Scrolls
 e - a scroll of fog {unknown}
 g - 2 scrolls of enchant weapon
 k - 2 scrolls of identify {unknown}
 l - a scroll of amnesia {unknown}
 m - 3 scrolls of enchant armour {unknown}
 o - a scroll of teleportation {unknown}
Potions
 d - a potion of might
 f - a potion of curing {unknown}
 h - a potion of attraction
 i - a potion of heal wounds {unknown}
 n - a potion of degeneration {unknown}
 p - a potion of resistance {unknown}


   Skills:
 + Level 3.0 Fighting
 * Level 3.3 Maces & Flails
 - Level 2.4 Dodging
 - Level 2.6 Shields


You had 2 spell levels left.
You didn't know any spells.
Your spell library contained the following spells:

 Spells                   Type           Power      Damage    Failure   Level
 Animate Dead             Necr           0%         N/A       100%        4
 Borgnjor's Vile Clutch   Necr/Erth      0%         N/A       100%        5
 Death Channel            Necr           0%         N/A       100%        6


Dungeon Overview and Level Annotations

Branches:
Dungeon (2/15)

Altars:

Annotations:
D:2 Terence


Innate Abilities, Weirdness & Mutations

You are too large for most types of armour.
You have claws for hands.
Your natural rate of healing is unusually fast.
You are covered in fur. (AC +1)
You have tough skin. (AC +1)


Message History

The orc moves out of view.
An orc comes into view. It is wielding a +0 club.
You block Terence's attack.
The orc shouts!
You hit Terence but do no damage.
An orc comes into view. It is wielding a +0 dagger.
Terence hits you with a +0 mace!
You closely miss Terence. Terence hits you with a +0 mace.
You hit Terence but do no damage. Terence hits you with a +0 mace!
You closely miss Terence. Terence closely misses you.
An orc wizard comes into view. It is wielding a +0 dagger.
Terence attacks as you move away! Terence hits you with a +0 mace.
The orc wizard casts a spell at you. You resist with significant effort.
Terence barely misses you. Terence attacks as you move away!
Terence hits you with a +0 mace.
The orc wizard gestures wildly while chanting.
The orc wizard flickers and vanishes!
Deactivating autopickup; reactivate with Ctrl-A.
Terence attacks as you move away! Terence hits you with a +0 mace.
Terence attacks as you move away! Terence barely misses you.
Terence attacks as you move away! Terence hits you with a +0 mace!
* * * LOW HITPOINT WARNING * * *
You hit Terence but do no damage. Terence closely misses you.
You barely miss Terence. Terence looks scornfully at you.
Terence hits you with a +0 mace.
* * * LOW HITPOINT WARNING * * *
The orc wizard gestures wildly while chanting.
The orc wizard flickers and vanishes!
You hit Terence but do no damage. Terence hits you with a +0 mace.
* * * LOW HITPOINT WARNING * * *
It was a potion of attraction.
You feel attractive to monsters. You block Terence's attack.
As you read the scroll labelled FES WEEXKYWNA, it crumbles to dust.
It is a scroll of enchant weapon.
Your +0 vampiric whip glows red for a moment.
Terence hits you with a +0 mace!
You die...

....#.#.#.####.#.# #.#
###............#.# #.#
#...#.#.######.# #.#
#<..#.#....# #.# #..
####รท.#.#....# #.# ##.
......#.#....###.# #.
#####.#.#[.....#.# ##
...#....######.#.# ######
##.#..### #.#@# ...... #
......#### #.#@# ###......
# ##.#..)).# #.#o#
#........ #
#.#####.#####.#o# #.....#
#
#.###.........#{####.....#
#
#[....#.#######o{...o....#
#
#####.#................###
#
#############...##########
................+........#


You could see Terence and 3 orcs.

Vanquished Creatures
  A worm (D:2)
  A dart slug (D:1)
  5 endoplasms
  A giant cockroach (D:1)
  10 goblins
  3 hobgoblins (D:2)
  10 jackals
  3 quokkas
  2 ball pythons (D:2)
  5 bats
  2 frilled lizards (D:1)
  5 kobolds
  A rat (D:2)
  2 bushes (D:1)
51 creatures vanquished.

Notes
Turn   | Place    | Note
-------+----------+-------------------------------------------
     0 | D:1      | lesbiats the Troll Fighter began the quest for the Orb.
     0 | D:1      | Reached XP level 1. HP: 22/22 MP: 0/0
   103 | D:1      | Reached XP level 2. HP: 29/29 MP: 1/1
   898 | D:1      | Reached XP level 3. HP: 36/36 MP: 2/2
  1354 | D:2      | Found a faded altar of an unknown god.
  2231 | D:2      | Noticed Terence
  2251 | D:2      | Slain by Terence

Illustrated notes

Levels and vault maps discovered:
D:1:      lemuel_arrival_behind_the_door_large, layout_basic, serial_forest,
          infiniplex_forest_lined_3_way, infiniplex_forest_straight_5,
          infiniplex_forest_clump_small, infiniplex_forest_end_1,
          infiniplex_forest_clump_tiny, infiniplex_forest_pool,
          infiniplex_forest_zigzag_1
D:2:      layout_basic, dreamdust_ecumenical_altar_sealed_demon, uniq_terence

Skill      XL: |  1  2  3 |
---------------+----------+-----
Maces & Flails | 2 3 |  3.3
Fighting       | 3 |  3.0
Dodging        | |  2.4
Shields        | |  2.6

Action                   || total
-------------------------++-------
Melee: Flail             ||   212
       Whip              ||    36
  Use: Scroll            ||     1
       Potion            ||     1
 Stab: Sleeping          ||     1
Armor: Robe              ||    70
Dodge: Dodged            ||    58
Block: Kite shield       ||    61

Table legend: (Time is in decaauts)
 A = Elapsed time spent in this place.
 B = Non-inter-level travel time spent in this place.
 C = Inter-level travel time spent in this place.
 D = Time resting spent in this place.
 E = Time spent auto-exploring this place.
 F = Levels seen in this place.
 G = Mean time per level.
                   A        B        C        D        E       F      G
               +--------+--------+--------+--------+--------+-----+--------+
         Total |   2336 |   2289 |     47 |      0 |   1702 |   2 | 1168.0 |
       Dungeon |   2336 |   2289 |     47 |      0 |   1702 |   2 | 1168.0 |
               +--------+--------+--------+--------+--------+-----+--------+

Top non-repeatable levels by time:
     D:1: 1329 daAuts
     D:2: 1007 daAuts
